 Dungeon Crawl Stone Soup version 0.26.1-11-gd32895ea62 (webtiles) character file.

Game seed: 10005207461284046141

30653 Almogavar the Eclecticist (level 13, 0/68 HPs)
             Began as a Deep Elf Conjurer on May 9, 2021.
             Was a High Priest of Sif Muna.
             Slain by a wyvern (3 damage)
             ... on level 5 of the Lair of Beasts.
             The game lasted 01:40:29 (22198 turns).

Almogavar the Eclecticist (Deep Elf Conjurer)      Turns: 22198, Time: 01:40:32

Health: 0/68       AC: 13    Str:  1    XL:     13   Next: 21%
Magic:  37/45      EV: 12    Int: 33    God:    Sif Muna [*****.]
Gold:   1054       SH:  0    Dex: 13    Spells: 23/47 levels left

rFire    . . .     SeeInvis .   W - +12 rapier "Zoleec" {flame, Fragile +Blink Will+}
rCold    . . .     Faith    +   (no shield)
rNeg     + + .     Spirit   .   M - +3 leather armour
rPois    +         Reflect  .   c - +1 hat
rElec    .         Harm     .   C - +2 cloak
rCorr    .         Rampage  .   j - +0 pair of gloves
Will     ++...                  d - +0 pair of boots
Stlth    +++.......             w - amulet of Giedeepn {Faith +Fly rN++ Str-3 Int+4}
HPRegen  0.21/turn              f - ring of magical power
MPRegen  0.29/turn              O - ring of poison resistance

@: no status effects
A: no striking features
a: Renounce Religion, Evoke Blink, Evoke Flight, Channel Magic, Forget Spell,
Divine Exegesis


You were on level 5 of the Lair of Beasts.
You worshipped Sif Muna.
Sif Muna was extremely pleased with you.
You visited 3 branches of the dungeon, and saw 17 of its levels.

You collected 1054 gold pieces.

Inventory:

Hand Weapons
 q - a +1 dagger of venom
 W - the +12 rapier "Zoleec" (weapon) {flame, Fragile +Blink Will+}
   (You found it on level 10 of the Dungeon)

   It has been specially enchanted to burn those struck by it, causing extra
   injury to most foes and up to half again as much damage against particularly
   susceptible opponents.
   It affects your willpower, your defense against some magical effects.
   It lets you blink.
   It will be destroyed if unequipped.
Armour
 a - a +2 robe of willpower
 c - a +1 hat (worn)
 d - a +0 pair of boots (worn)
 j - a +0 pair of gloves (worn)
 x - a cursed +0 leather armour
 C - a +2 cloak (worn)
 M - a +3 leather armour (worn)
Magical Staves
 P - an uncursed staff of fire
Jewellery
 f - a ring of magical power (left hand)
 n - an uncursed ring of flight
 r - an uncursed amulet of magic regeneration
 w - the amulet of Giedeepn (around neck) {Faith +Fly rN++ Str-3 Int+4}
   (You found it on level 4 of the Lair of Beasts)

   [amulet of faith]

   It allows you to gain divine favour quickly.
   It affects your strength (-3).
   It affects your intelligence (+4).
   It greatly protects you from negative energy.
   It lets you fly.
 F - an uncursed ring of fire
 K - a +6 ring of intelligence
 O - a ring of poison resistance (right hand)
 R - an uncursed ring of resist corrosion
Wands
 b - a wand of polymorph (9)
 o - a wand of disintegration (50)
 D - a wand of paralysis (28)
Scrolls
 g - 7 scrolls of teleportation
 l - 2 scrolls of enchant armour
 p - 2 scrolls of magic mapping
 t - 5 scrolls of enchant weapon
 u - 2 scrolls of fog
 y - 3 scrolls of blinking
 A - 8 scrolls of fear
 E - 2 scrolls of remove curse
 J - 3 scrolls of amnesia
 L - 2 scrolls of summoning
 Q - a scroll of holy word
Potions
 e - 8 potions of ambrosia {unknown}
 h - 3 potions of heal wounds {unknown}
 i - a potion of invisibility {unknown}
 k - 7 potions of flight {unknown}
 m - 2 potions of degeneration {unknown}
 v - 3 potions of might
 z - 6 potions of cancellation {unknown}
 G - 3 potions of lignification {unknown}
 H - a potion of resistance {unknown}
 I - 4 potions of brilliance
 N - 7 potions of curing
 S - 2 potions of attraction {unknown}
 V - 3 potions of magic {unknown}


   Skills:
 + Level 2.6 Fighting
 + Level 0.6 Short Blades
 + Level 5.6 Armour
 + Level 8.0 Dodging
 + Level 5.9 Stealth
 + Level 17.8 Spellcasting
 + Level 14.9 Conjurations
 + Level 0.1 Hexes
 + Level 0.5 Fire Magic


You had 23 spell levels left.
You knew the following spells:

 Your Spells              Type           Power        Failure   Level
a - Magic Dart            Conj           100%         0%          1
b - Searing Ray           Conj           100%         0%          2
c - Dazzling Flash        Conj/Hex       100%         1%          3
d - Conjure Flame         Conj/Fire      69%          1%          3
e - Mephitic Cloud        Conj/Pois/Air  58%          1%          3
f - Blink                 Tloc           N/A          4%          2
g - Iskenderun's Mystic   Conj/Tloc      68%          1%          4
h - Starburst             Conj/Fire      34%          21%         6

Your spell library contained the following spells:

 Spells                   Type           Power        Failure   Level
 Fulminant Prism          Conj/Hex       34%          1%          4
 Iskenderun's Battlesphe  Conj           91%          1%          5
 Beastly Appendage        Tmut           58%          3%          1
 Call Imp                 Summ           29%          4%          2
 Poisonous Vapours        Pois/Air       58%          4%          2
 Slow                     Hex            30%          4%          2
 Wereblood                Tmut           29%          4%          2
 Spider Form              Tmut/Pois      14%          10%         3
 Ice Form                 Ice/Tmut       29%          30%         4
 Freezing Cloud           Conj/Ice/Air   29%          52%         6
 Blade Hands              Tmut           14%          65%         5
 Lehudib's Crystal Spear  Conj/Erth      34%          100%        8


Dungeon Overview and Level Annotations

Branches:
Dungeon (11/15)            Temple (1/1) D:6            Lair (5/6) D:8
 Shoals (0/4) Lair:4        Snake (0/4) Lair:4
  Slime: Lair:5-6       Orc: D:9-12

Altars:
Ashenzari
Cheibriados
Dithmenos
Elyvilon
Fedhas
Gozag
Hepliaklqana
Kikubaaqudgha
Makhleb
Nemelex Xobeh
Okawaru
Qazlal
Ru
Sif Muna
Trog
Uskayaw
Vehumet
Wu Jian
Xom
Yredelemnul
Zin
The Shining One

Shops:
D:7 *   D:8 :   D:9 [

Annotations:
D:5 2 transporters
D:11 Erica
Lair:2 Urug


Message History

Casting: Searing Ray (safe; 0% risk of failure)
Confirm with . or Enter, or press ? or * to list all spells.
Aiming: Searing Ray (safe; 0% risk of failure)
Press: ? - help, Shift-Dir - straight line, f/p - four-headed hydra
Aim: a four-headed hydra (severely wounded, 6% to evade)
The searing ray hits the four-headed hydra!
The four-headed hydra is almost dead. (Press . to maintain the ray.)
The wyvern misses you. The four-headed hydra bites you! x2
* * * LOW HITPOINT WARNING * * *
The four-headed hydra bites you.
* * * LOW HITPOINT WARNING * * *
The four-headed hydra closely misses you.
The searing ray hits the four-headed hydra!!
You kill the four-headed hydra!
Sif Muna accepts your kill. The wyvern bites you!
* * * LOW HITPOINT WARNING * * *
The wyvern bites you.
You die...

######### #........
#........ #........ #
#.......
##.###########P......
#..l@..P.P#.##.......
#..P..............P.....
........................
#.......................
#.......................
........................
#.......................
....................รท...
.................<...


You could see a wyvern.

Vanquished Creatures
  Josephine (D:10)
  Harold (D:11)
  4 hydras
  2 two-headed ogres
  Sonja (Lair:2)
  Nergalle (Lair:1)
  Pikel (D:7)
  2 ugly things (D:11)
  3 elephants (Lair:3)
  Joseph (D:7)
  A centaur zombie (D:11)
  A black mamba (Lair:4)
  8 cane toads
  2 rime drakes
  2 komodo dragons (Lair:3)
  A polar bear (Lair:3)
  A troll (D:10)
  A queen bee (Lair:4)
  3 meliai (Lair:4)
  5 blink frogs (Lair:2)
  2 centaur simulacra (D:10)
  Eustachio (D:6)
  A wyvern (D:11)
  Grum (D:11)
  6 wraiths
  22 yaks
  Duvessa (D:7)
  5 water moccasins
  A black bear (D:10)
  Purgy (D:3)
  7 orc warriors
  A hornet zombie (D:5)
  2 sky beasts
  6 ice beasts
  29 wolves
  4 centaurs
  5 phantoms
  7 ogres
  A lemure (D:7)
  2 big kobolds
  15 bullfrogs
  A gnoll sergeant (D:6)
  Dowan (D:7)
  A hornet simulacrum (D:10)
  4 scorpions
  3 electric eels (D:10)
  20 killer bees (Lair:4)
  12 wights
  5 howler monkeys
  3 jellies
  Crazy Yiuf (D:6)
  A bullfrog zombie (D:8)
  12 orc priests
  11 hounds
  2 bullfrog skeletons
  15 orc wizards
  2 iguanas
  Terence (D:2)
  8 worker ants
  A killer bee zombie (D:9)
  A hound zombie (D:7)
  2 hound skeletons (D:4)
  5 gnolls
  27 adders
  2 shadow imps
  5 white imps
  A worker ant simulacrum (D:10)
  An ufetubus (D:10)
  2 oozes (D:4)
  6 worms
  2 dart slugs
  7 leopard geckos
  61 orcs
  8 giant cockroaches
  7 goblins
  4 hobgoblins
  2 jackals (D:9)
  3 quokkas
  2 ball pythons
  7 bats
  3 frilled lizards
  A giant cockroach zombie (D:6)
  A jackal skeleton (D:5)
  17 kobolds
  A leopard gecko skeleton (D:5)
  A quokka zombie (D:6)
  7 rats
452 creatures vanquished.

Vanquished Creatures (others)
  15 fungi
  31 plants
46 creatures vanquished.

Grand Total: 498 creatures vanquished

Notes
Turn   | Place    | Note
-------+----------+-------------------------------------------
     0 | D:1      | Almogavar the Deep Elf Conjurer began the quest for the
                  | Orb.
     0 | D:1      | Reached XP level 1. HP: 10/10 MP: 6/6
   386 | D:1      | Reached XP level 2. HP: 15/15 MP: 8/8
   389 | D:1      | Learned a level 2 spell: Searing Ray
   632 | D:2      | Reached skill level 5 in Conjurations
   655 | D:2      | Reached XP level 3. HP: 19/19 MP: 7/9
  1110 | D:2      | Reached XP level 4. HP: 24/24 MP: 11/11
  1410 | D:2      | Noticed Terence
  1416 | D:2      | Killed Terence
  1692 | D:3      | Noticed Purgy
  1705 | D:3      | Killed Purgy
  1706 | D:3      | Reached skill level 4 in Spellcasting
  1706 | D:3      | Reached XP level 5. HP: 28/28 MP: 13/13
  1945 | D:3      | Found a faded altar of an unknown god.
  2306 | D:3      | Reached XP level 6. HP: 32/32 MP: 15/15
  2840 | D:4      | Reached skill level 1 in Armour
  2840 | D:4      | Reached skill level 5 in Spellcasting
  3205 | D:4      | Found an iron altar of Okawaru.
  3205 | D:4      | Found a white marble altar of Elyvilon.
  3300 | D:4      | Reached skill level 6 in Spellcasting
  3300 | D:4      | Reached XP level 7. HP: 36/36 MP: 18/18
  3958 | D:5      | Entered Level 5 of the Dungeon
  4041 | D:5      | Reached skill level 7 in Spellcasting
  4242 | D:5      | Reached XP level 8. HP: 41/41 MP: 21/21
  4503 | D:5      | Reached skill level 8 in Spellcasting
  4635 | D:5      | Found a transporter.
  4757 | D:5      | Found a transporter.
  5196 | D:6      | Found a hide-covered altar of Uskayaw.
  5261 | D:6      | Noticed Eustachio
  5406 | D:6      | Killed Eustachio
  5504 | D:6      | Reached skill level 9 in Spellcasting
  5841 | D:6      | You fall into a shaft and drop 2 floors!
  5953 | D:8      | Found a broken altar of Ashenzari.
  5969 | D:8      | Reached XP level 9. HP: 45/45 MP: 24/24
  5973 | D:8      | Learned a level 3 spell: Dazzling Flash
  6019 | D:7      | Noticed Joseph
  6031 | D:7      | HP: 1/45 [Joseph/+0 spectral quarterstaff (12)]
  6035 | D:7      | Found a hazy altar of Hepliaklqana.
  6038 | D:7      | Found a snail-covered altar of Cheibriados.
  6306 | D:6      | Found a staircase to the Ecumenical Temple.
  6324 | Temple   | Entered the Ecumenical Temple
  6537 | Temple   | Became a worshipper of Sif Muna the Loreminder
  6591 | D:6      | Reached skill level 10 in Spellcasting
  6884 | D:6      | Found a runed translucent door.
  6885 | D:6      | Noticed Crazy Yiuf
  6891 | D:6      | Killed Crazy Yiuf
  7091 | D:7      | Reached skill level 10 in Conjurations
  7198 | D:7      | Noticed Duvessa
  7203 | D:7      | Noticed Dowan
  7222 | D:7      | Killed Duvessa
  7306 | D:7      | Killed Dowan
  7313 | D:7      | Reached skill level 1 in Fighting
  7468 | D:7      | HP: 2/47 [Joseph/sling bullet (15)]
  7470 | D:7      | Killed Joseph
  7471 | D:7      | Reached skill level 11 in Spellcasting
  7702 | D:7      | Noticed Pikel
  7711 | D:7      | Killed Pikel
  8019 | D:7      | Found Kedubb's Assorted Antiques.
  8229 | D:7      | Found a sacrificial altar of Ru.
  8238 | D:7      | Reached XP level 10. HP: 52/52 MP: 27/27
  8240 | D:7      | Reached * piety under Sif Muna
  8380 | D:8      | Noticed a two-headed ogre
  8385 | D:8      | Reached skill level 12 in Spellcasting
  8388 | D:8      | Killed a two-headed ogre
  8739 | D:8      | Found a staircase to the Lair.
  9333 | D:8      | Found Heuz's Book Shop.
  9410 | D:9      | Found Buryloup's Antique Armour Shop.
  9678 | D:9      | Reached ** piety under Sif Muna
  9962 | D:9      | Reached skill level 13 in Spellcasting
 10323 | D:10     | Entered Level 10 of the Dungeon
 10390 | D:10     | Noticed Josephine
 10402 | D:10     | Killed Josephine
 10696 | D:10     | Reached XP level 11. HP: 56/56 MP: 30/30
 10846 | D:10     | Reached skill level 14 in Spellcasting
 11162 | D:10     | Reached *** piety under Sif Muna
 11307 | D:10     | Learned a level 3 spell: Conjure Flame
 11311 | D:10     | Learned a level 3 spell: Mephitic Cloud
 11314 | D:10     | Learned a level 2 spell: Blink
 11319 | D:10     | Learned a level 4 spell: Iskenderun's Mystic Blast
 11533 | D:10     | Reached skill level 5 in Stealth
 12363 | D:10     | Got an ichor-stained rapier
 12524 | D:10     | Identified the +12 rapier "Zoleec" {flame, Fragile +Blink
                  | Will+} (You found it on level 10 of the Dungeon)
 12558 | D:11     | Noticed a two-headed ogre
 12863 | D:11     | Reached **** piety under Sif Muna
 12910 | D:11     | Reached skill level 5 in Dodging
 13006 | D:11     | Killed a two-headed ogre
 13007 | D:11     | Reached skill level 15 in Spellcasting
 13101 | D:11     | Noticed Grum
 13108 | D:11     | Killed Grum
 13288 | D:11     | Noticed Erica
 13706 | D:11     | Noticed a red ugly thing
 13706 | D:11     | Noticed a purple ugly thing
 13717 | D:11     | Killed a red ugly thing
 13718 | D:11     | Killed a brown ugly thing
 13719 | D:11     | Reached skill level 5 in Armour
 13917 | D:11     | Noticed Harold
 13935 | D:11     | Killed Harold
 14935 | D:11     | Found a blossoming altar of Fedhas.
 15453 | Lair:1   | Entered Level 1 of the Lair of Beasts
 15483 | Lair:1   | Reached skill level 16 in Spellcasting
 15723 | Lair:1   | Reached XP level 12. HP: 31/62 MP: 34/34
 16277 | Lair:1   | You fall into a shaft and drop 1 floor!
 16287 | Lair:2   | Noticed Nergalle
 16579 | Lair:2   | Noticed Sonja
 16587 | Lair:2   | Killed Sonja
 17264 | Lair:2   | Noticed a seven-headed hydra
 17265 | Lair:2   | Noticed Urug
 17312 | Lair:1   | Killed Nergalle
 17586 | Lair:2   | Killed a seven-headed hydra
 17928 | Lair:3   | Reached skill level 17 in Spellcasting
 18917 | Lair:3   | Reached ***** piety under Sif Muna
 19047 | Lair:3   | Noticed a five-headed hydra
 19209 | Lair:3   | Killed a five-headed hydra
 19692 | Lair:4   | Identified Sif Muna's Tome of Confrontation (Sif Muna
                  | gifted it to you on level 4 of the Lair of Beasts)
 19692 | Lair:4   | Received a gift from Sif Muna
 19703 | Lair:4   | Learned a level 6 spell: Starburst
 19871 | Lair:4   | Got a twitching diamond amulet
 19882 | Lair:4   | Found a staircase to the Shoals.
 19921 | Lair:4   | Reached XP level 13. HP: 46/67 MP: 36/36
 20271 | Lair:4   | Found a staircase to the Snake Pit.
 20644 | Lair:4   | Identified the amulet of Giedeepn {Faith +Fly rN++ Str-3
                  | Int+4} (You found it on level 4 of the Lair of Beasts)
 22198 | Lair:5   | HP: 3/68 [wyvern (12)]
 22198 | Lair:5   | Slain by a wyvern

Illustrated notes

Levels and vault maps discovered:
D:1:      minmay_arrival_stair_chambers, layout_rooms
D:2:      layout_loops_ring, st_stairs_10, uniq_terence
D:3:      layout_loops_corners, chequers_ecumenical_altar_simple_redux,
          uniq_purgy
D:4:      layout_cave_pods, gammafunk_temple_overflow_wave
D:5:      gammafunk_wand_slinger, layout_gridville
D:6:      layout_gridville, lemuel_coloured_pillars_altar,
          minmay_temple_entry_trees, uniq_crazy_yiuf_cottage, uniq_eustachio
D:7:      layout_cave_pools, nicolae_overflow_crystal_walls,
          chequers_temple_overflow_statue_of_worship, serial_shops,
          kennysheep_little_box, minmay_circle_x, uniq_duvessa, uniq_pikel,
          uniq_joseph
D:8:      layout_loops_cross, old_standard_altar, lair_entry_dummy,
          serial_shops, kennysheep_mini
D:9:      layout_loops_ring, serial_shops, nicolae_shop_trees
D:10:     layout_basic, serial_ice, serial_ice_m, serial_ice_h, serial_ice_i,
          serial_ice_c, serial_ice_o, serial_ice_b, serial_ice_g, serial_ice_a,
          statue_in_the_mist_lemuel, minivault_10, uniq_josephine
D:11:     layout_basic, roderic_roman_lattice, grunt_ministairs_6,
          fedhas_bush_and_centaur_altar, uniq_harold, uniq_grum, uniq_erica
Temple:   regret_index_temple_generic_petals
Lair:1:   layout_gridlike
Lair:2:   layout_gridlike, uniq_nergalle, uniq_urug, uniq_sonja
Lair:3:   layout_cave_pods, st_stairs_9
Lair:4:   layout_cave_pods, shoals_dummy_entry,
          minmay_snake_entry_six_corridors, special_room [special_room_bee]
Lair:5:   layout_hall_layers, slime_altar_1, st_stairs_7

Skill      XL: |  1  2  3  4  5  6  7  8  9 10 11 12 13 |
---------------+----------------------------------------+-----
Conjurations   | 5 6 7 8 9 10 11 13 14 | 14.9
Stealth        | 3 4 5 |  5.9
Spellcasting   | 4 6 7 9 11 13 16 17 | 17.8
Armour         | 1 2 3 4 5 |  5.6
Dodging        | 3 4 5 7 8 |  8.0
Fighting       | 1 2 |  2.6
Short Blades   | |  0.6
Hexes          | |  0.1
Fire Magic     | |  0.5

Action                   |  1- 3 |  4- 6 |  7- 9 | 10-12 | 13-15 || total
-------------------------+-------+-------+-------+-------+-------++-------
Melee: Rapier            |       |       |       |     2 |       ||     2
 Cast: Magic Dart        |    39 |    73 |   137 |   233 |    39 ||   521
       Searing Ray       |     6 |    17 |    86 |   214 |    37 ||   360
       Dazzling Flash    |       |       |     1 |     3 |       ||     4
       Conjure Flame     |       |       |       |     2 |       ||     2
       Iskenderun's Myst |       |       |       |     1 |       ||     1
  Use: Scroll            |       |     5 |     8 |    10 |     4 ||    27
       Potion            |       |       |     4 |     2 |       ||     6
Armor: Robe              |     1 |       |       |       |       ||     1
       Leather armour    |       |     1 |     2 |    79 |    31 ||   113
       Troll leather arm |       |       |    15 |       |       ||    15
Dodge: Dodged            |     3 |     3 |    28 |   169 |    33 ||   236
